 Dungeon Crawl Stone Soup version 0.24.0-1-gfbc8707 (webtiles) character file.

Game seed: 18064328616065487257, levelgen mode: deterministic

120307 TheDoctor the Eclecticist (level 16, -2/76 HPs)
             Began as a Deep Elf Ice Elementalist on Oct 30, 2019.
             Was a High Priest of Sif Muna.
             Shot with a bolt by a naga sharpshooter (18 damage)
             ... led by Vashnia
             ... on level 2 of the Snake Pit.
             The game lasted 02:38:19 (47444 turns).

TheDoctor the Eclecticist (DEIE)                   Turns: 47444, Time: 02:38:20

Health: -2/76      AC: 11    Str:  5    XL:     16   Next: 29%
Magic:  4/39       EV: 20    Int: 28    God:    Sif Muna [*****.]
Gold:   875        SH:  0    Dex: 15    Spells: 10/50 levels left

rFire    + . .     SeeInvis .   Q - staff of energy
rCold    + . .     Gourm    .   (no shield)
rNeg     . . .     Faith    .   k - +0 robe {rC+ rF+}
rPois    +         Spirit   .   g - +1 hat
rElec    .         Reflect  .   B - +0 cloak
rCorr    .         Harm     .   p - +0 pair of gloves
MR       ++...                  M - +1 pair of boots of Golamemo {MR+}
Stlth    ++........             A - amulet of magic regeneration
HPRegen  0.22/turn              D - +2 ring of protection
MPRegen  0.51/turn              h - ring of poison resistance

@: no status effects
A: no striking features
a: Channel Magic, Forget Spell, Divine Exegesis, Renounce Religion


You were on level 2 of the Snake Pit.
You worshipped Sif Muna.
Sif Muna was extremely pleased with you.
You were not hungry.

You visited 5 branches of the dungeon, and saw 26 of its levels.

You collected 1945 gold pieces.
You spent 1070 gold pieces at shops.

Inventory:

Missiles
 s - 12 curare-tipped darts
 t - a poisoned dart (quivered)
Armour
 g - a +1 hat (worn)
 k - a +0 robe of resistance (worn)
 p - a +0 pair of gloves (worn)
 B - a +0 cloak (worn)
 M - the +1 pair of boots of Golamemo (worn) {MR+}
   (You bought it in a shop on level 8 of the Dungeon)

   It affects your resistance to hostile enchantments.
Magical Staves
 L - an uncursed staff of conjuration
 Q - an uncursed staff of energy (weapon)
 W - an uncursed staff of power
Jewellery
 d - an uncursed ring of see invisible
 h - a ring of poison resistance (right hand)
 i - an uncursed ring of magical power {unknown}
 A - an amulet of magic regeneration (around neck)
 D - a +2 ring of protection (left hand)
 Z - an uncursed ring of protection from magic
Wands
 v - a wand of acid (5)
 H - a wand of iceblast (18)
 I - a wand of digging (17)
 K - a wand of paralysis (16)
 O - a wand of scattershot (11)
 S - a wand of clouds (5)
Scrolls
 a - a scroll of acquirement {unknown}
 e - 5 scrolls of teleportation
 f - 8 scrolls of remove curse
 o - 4 scrolls of identify
 x - 6 scrolls of fog
 y - 6 scrolls of magic mapping
 C - 3 scrolls of blinking
 R - a scroll of fear
 T - 3 scrolls of immolation
 V - a scroll of enchant weapon
 X - 4 scrolls of vulnerability
Potions
 b - 6 potions of curing
 l - a potion of brilliance {unknown}
 n - 2 potions of agility {unknown}
 q - 2 potions of mutation
 r - 3 potions of resistance
 u - 4 potions of cancellation
 G - a potion of ambrosia {unknown}
 N - 4 potions of haste
 P - 2 potions of magic
 U - a potion of flight {unknown}
Comestibles
 c - 39 rations


   Skills:
 - Level 9.2 Armour
 - Level 11.6 Dodging
 - Level 2.4 Stealth
 - Level 17.8 Spellcasting
 - Level 14.7 Conjurations
 - Level 9.1 Hexes
 + Level 10.1 Charms
 - Level 9.0 Ice Magic
 + Level 3.7 Air Magic
 - Level 5.5 Earth Magic
 - Level 5.4 Poison Magic
 - Level 9.7 Invocations


You had 10 spell levels left.
You knew the following spells:

 Your Spells              Type           Power        Failure   Level  Hunger
a - Freeze                Ice            ####         1%          1    None
b - Throw Frost           Conj/Ice       ######       1%          2    None
c - Ozocubu's Armour      Chrm/Ice       ######..     1%          3    None
d - Throw Icicle          Conj/Ice       #######.     1%          4    None
e - Slow                  Hex            ######..     1%          2    None
f - Leda's Liquefaction   Hex/Erth       ######....   1%          4    None
g - Freezing Cloud        Conj/Ice/Air   ######....   6%          6    None
h - Iron Shot             Conj/Erth      ######....   4%          6    None
i - Deflect Missiles      Chrm/Air       ######....   16%         6    None
j - Poison Arrow          Conj/Pois      ######....   4%          6    None

Your spell library contained the following spells:

 Spells                   Type           Power        Failure   Level  Hunger
 Magic Dart               Conj           ####         0%          1    None
 Searing Ray              Conj           ######       0%          2    None
 Beastly Appendage        Tmut           ####..       1%          1    None
 Confusing Touch          Hex            ######       1%          1    None
 Corona                   Hex            ######.      1%          1    None
 Pain                     Necr           ####         1%          1    None
 Sting                    Conj/Pois      ####         1%          1    None
 Ensorcelled Hibernation  Hex/Ice        ######       1%          2    None
 Poisonous Vapours        Pois/Air       ######       1%          2    None
 Shroud of Golubria       Chrm/Tloc      ######       1%          2    None
 Throw Flame              Conj/Fire      ######       1%          2    None
 Confuse                  Hex            ######..     1%          3    None
 Conjure Flame            Conj/Fire      ######..     1%          3    None
 Inner Flame              Hex/Fire       ######..     1%          3    None
 Mephitic Cloud           Conj/Pois/Air  ######..     1%          3    None
 Portal Projectile        Hex/Tloc       ######       1%          3    None
 Spectral Weapon          Hex/Chrm       ######..     1%          3    None
 Spider Form              Tmut/Pois      #####.....   1%          3    None
 Static Discharge         Conj/Air       ######..     1%          3    None
 Stone Arrow              Conj/Erth      ######       1%          3    None
 Tukima's Dance           Hex            ######..     1%          3    None
 Cause Fear               Hex            ######....   1%          4    None
 Fulminant Prism          Conj/Hex       #######...   1%          4    None
 Metabolic Englaciation   Hex/Ice        ######....   1%          5    None
 Corpse Rot               Necr           N/A          2%          2    None
 Sticks to Snakes         Tmut           ####....     2%          2    None
 Sublimation of Blood     Necr           ####......   2%          2    None
 Ice Form                 Ice/Tmut       ######..     2%          4    None
 Summon Ice Beast         Ice/Summ       ######..     2%          4    None
 Bolt of Draining         Conj/Necr      ######....   2%          5    None
 Gell's Gravitas          Tloc           ####......   5%          3    None
 Petrify                  Tmut/Erth      #####...     6%          4    None
 Excruciating Wounds      Chrm/Necr      ######....   6%          5    None
 Conjure Ball Lightning   Conj/Air       ######....   6%          6    None
 Darkness                 Hex            ######....   6%          6    None
 Ozocubu's Refrigeration  Ice            ######....   7%          6    None
 Yara's Violent Unravell  Hex/Tmut       ######....   8%          5    None
 Alistair's Intoxication  Tmut/Pois      #####...     16%         5    None
 Simulacrum               Ice/Necr       ######....   41%         6    None
 Agony                    Necr           ####....     45%         5    None
 Blade Hands              Tmut           ####......   45%         5    None
 Dispel Undead            Necr           ####....     45%         5    None
 Statue Form              Tmut/Erth      #####....    65%         6    None
 Lehudib's Crystal Spear  Conj/Erth      ######....   88%         8    None
 Death Channel            Necr           ####......   95%         6    None
 Dispersal                Tloc           ####......   95%         6    None
 Shadow Creatures         Summ           N/A          95%         6    None
 Dragon Form              Tmut           ####......   100%        7    None
 Controlled Blink         Tloc           N/A          100%        8    None


Dungeon Overview and Level Annotations

Branches:
Dungeon (15/15)            Temple (0/1) D:5            Lair (6/6) D:8
  Swamp (0/4) Lair:4        Snake (2/4) Lair:3        Slime (1/5) Lair:5
    Orc (2/2) D:10            Elf (0/3) Orc:2        Vaults (0/5) D:14
 Depths (0/5) D:15

Altars:
Dithmenos
Elyvilon
Gozag
Kikubaaqudgha
Okawaru
Qazlal
Ru
Sif Muna
Trog
Vehumet
Xom
Yredelemnul
The Shining One
Beogh

Shops:
D:5 :   D:8 *   D:12 ?   Orc:2 %(=

Annotations:
D:11 3 runed translucent doors, growler's ghost, journeyman OpEE
Lair:1 1 runed translucent door, Sammaje's ghost, novice MiBe
Lair:2 Fannar
Lair:4 1 runed translucent door, SkeletonJelly's ghost, journeyman SpAs
Snake:2 Vashnia


Message History

Aim: Vashnia, wielding a +2 arbalest of velocity and wearing a +2 naga barding of stealth (freezing vapour, almost dead)
The shard of ice hits Vashnia.
Vashnia is almost dead.
The naga sharpshooter is engulfed in freezing vapours.
The naga sharpshooter casts a spell.
The naga sharpshooter magically shoots a bolt.
The bolt hits you!
* * * LOW HITPOINT WARNING * * *
There are monsters nearby!
Evoke which item? (* to show all) (? for menu, Esc to quit)
Okay, then.
You feel better.
The nagaraja is engulfed in freezing vapours.
The nagaraja gestures wildly while chanting.
The nagaraja seems to speed up.
The naga sharpshooter is engulfed in freezing vapours.
The naga sharpshooter mumbles some strange words.
The naga sharpshooter magically shoots a bolt.
The bolt hits you!!
You die...

N..N.....##....#
....................#
.....N...........N...#
.....................#
.....N...............#
..[.............(N.N).#
............ #+# #.....#
...........###@###.(...#
...N.S.....##...NN<§☼..#
......N....##..§§N§....#
.....N.....##....§.....#
...........##.....######
......NN...##.(..##
#####)(...#######
########..S...######
.................>.#


You could see Vashnia, a nagaraja and a naga sharpshooter.

Vanquished Creatures
  Jorgrun (D:15)
  Rupert (D:15)
  Azrael (D:12)
  An ettin (D:15)
  Josephine (D:12)
  3 naga warriors (Snake:1)
  Harold (Orc:1)
  6 hydras
  An ogre mage (D:15)
  3 anacondas (Snake:1)
  3 catoblepae (Lair:6)
  A death knight (D:9)
  5 two-headed ogres
  A centaur warrior (D:14)
  16 death yaks
  A tengu warrior (D:15)
  Urug (D:11)
  5 naga sharpshooters
  3 shock serpents (Snake:1)
  Sonja (Lair:5)
  5 unseen horrors
  3 naga ritualists (Snake:1)
  An obsidian statue (D:9)
  A deep elf archer (D:15)
  A wizard (D:14)
  A deep elf mage (D:14)
  3 mana vipers (Snake:1)
  14 orc knights
  2 wolf spider zombies
  4 orc sorcerers
  3 oklob plants
  A wolf spider (D:15)
  A salamander (Snake:1)
  9 ugly things
  2 cyclopes
  3 manticores
  8 elephants (Lair:6)
  15 black mambas
  4 naga magi
  A torpor snail (Lair:3)
  6 spiny frogs
  4 gargoyles
  Psyche (D:11)
  2 kobold demonologists
  5 komodo dragons
  2 rime drakes (Lair:4)
  An efreet (D:15)
  4 yaktaurs (D:15)
  A freezing wraith (D:14)
  10 trolls
  4 polar bears (D:13)
  A hornet (D:14)
  12 slime creatures
  8 hippogriffs
  6 dream sheep (Lair:6)
  A blink frog (shapeshifter) (D:15)
  14 blink frogs
  42 yaks
  A spriggan (D:9)
  4 wyverns
  A fire elemental (D:12)
  A hog (D:13)
  5 wraiths
  Grum (D:11)
  A hungry ghost (D:13)
  2 basilisks (D:14)
  13 vampire mosquitoes
  8 wargs (Orc:2)
  15 nagas
  An acid dragon (D:12)
  8 water moccasins
  4 hell hounds (D:12)
  A hornet zombie (D:14)
  A swamp drake (D:10)
  7 porcupines
  2 ice beasts
  5 sky beasts
  13 ogres
  48 orc warriors
  7 black bears
  4 phantoms
  18 wolves
  11 centaurs
  10 crocodiles
  4 big kobolds
  19 bullfrogs
  A wyvern zombie (D:11)
  A water moccasin skeleton (D:7)
  3 scorpions
  A wyvern skeleton (D:14)
  4 killer bees
  14 wights
  A howler monkey (D:14)
  5 crimson imps
  4 bullfrog zombies
  6 jellies
  3 centaur zombies
  2 lava snakes (D:11)
  3 quasits
  5 hounds
  22 orc wizards
  5 bullfrog skeletons
  18 orc priests
  8 centaur skeletons
  3 iguanas
  14 worker ants
  A killer bee zombie (D:10)
  A hound zombie (D:9)
  3 gnolls (D:9)
  2 howler monkey skeletons
  2 worker ant zombies
  17 adders
  6 shadow imps
  An ooze (D:3)
  An adder skeleton (D:9)
  2 worms (D:3)
  2 dart slugs (D:2)
  6 leopard geckos
  111 orcs
  4 ball pythons
  5 giant cockroaches
  8 goblins
  5 hobgoblins
  14 jackals
  6 quokkas
  8 bats
  3 frilled lizards
  6 kobolds
  4 rats
818 creatures vanquished.

Vanquished Creatures (collateral kills)
  A black mamba (Lair:6)
  2 elephants (Lair:6)
  2 crocodiles (Lair:6)
5 creatures vanquished.

Vanquished Creatures (others)
  29 fungi
  9 plants
38 creatures vanquished.

Grand Total: 861 creatures vanquished

Notes
Turn   | Place    | Note
-------+----------+-------------------------------------------
     0 | D:1      | TheDoctor the Deep Elf Ice Elementalist began the quest for
                  | the Orb.
     0 | D:1      | Reached XP level 1. HP: 10/10 MP: 6/6
   383 | D:1      | Reached XP level 2. HP: 9/15 MP: 4/8
   651 | D:2      | Learned a level 2 spell: Throw Frost
   684 | D:2      | Found a shimmering blue altar of Sif Muna.
   691 | D:2      | Became a worshipper of Sif Muna the Loreminder
   711 | D:2      | Reached XP level 3. HP: 14/19 MP: 5/10
   926 | D:2      | Found a glowing golden altar of the Shining One.
  1263 | D:2      | Found a basalt altar of Yredelemnul.
  1263 | D:2      | Found an iron altar of Okawaru.
  1264 | D:2      | Found a white marble altar of Elyvilon.
  1264 | D:2      | Found an ancient bone altar of Kikubaaqudgha.
  1264 | D:2      | Found a shadowy altar of Dithmenos.
  1276 | D:2      | Reached XP level 4. HP: 23/24 MP: 7/11
  1572 | D:3      | Reached skill level 4 in Spellcasting
  1619 | D:3      | Reached * piety under Sif Muna
  2452 | D:3      | Reached XP level 5. HP: 26/28 MP: 7/13
  2472 | D:3      | Reached skill level 5 in Ice Magic
  2778 | D:3      | Learned a level 3 spell: Ozocubu's Armour
  2783 | D:3      | Learned a level 4 spell: Throw Icicle
  3023 | D:4      | Reached skill level 1 in Charms
  3097 | D:4      | Reached XP level 6. HP: 32/32 MP: 10/15
  3235 | D:4      | Reached skill level 5 in Spellcasting
  3862 | D:5      | Entered Level 5 of the Dungeon
  3863 | D:5      | Found a staircase to the Ecumenical Temple.
  3985 | D:5      | Found a radiant altar of Vehumet.
  4194 | D:5      | Found Mefemur's Book Shoppe.
  4211 | D:5      | Reached XP level 7. HP: 36/36 MP: 14/17
  4267 | D:5      | Reached skill level 5 in Dodging
  4394 | D:5      | Reached skill level 5 in Charms
  4519 | D:5      | Found a bloodstained altar of Trog.
  4833 | D:5      | Found a stormy altar of Qazlal.
  4918 | D:5      | Reached skill level 6 in Spellcasting
  5637 | D:6      | Reached ** piety under Sif Muna
  6177 | D:6      | Found an opulent altar of Gozag.
  6198 | D:6      | Reached XP level 8. HP: 39/41 MP: 14/19
  6461 | D:7      | Reached skill level 5 in Conjurations
  6539 | D:7      | Reached skill level 7 in Spellcasting
  6826 | D:7      | Found a shimmering altar of Xom.
  8219 | D:8      | Found an opulent altar of Gozag.
  8232 | D:7      | Reached skill level 8 in Spellcasting
  8627 | D:7      | Reached XP level 9. HP: 29/45 MP: 13/23
  8782 | D:8      | Found Upuevot's Assorted Antiques.
  9024 | D:8      | Reached *** piety under Sif Muna
  9565 | D:8      | Reached skill level 9 in Spellcasting
  9815 | D:8      | Paralysed by an orc warrior for 3 turns
 10131 | D:8      | Found a staircase to the Lair.
 10197 | D:8      | Reached skill level 10 in Spellcasting
 10857 | D:8      | Bought a pair of transparent boots for 323 gold pieces
 10857 | D:8      | Identified the +1 pair of boots of Golamemo {MR+} (You
                  | bought it in a shop on level 8 of the Dungeon)
 10983 | D:9      | Noticed a troll
 11124 | D:9      | Noticed a two-headed ogre
 11247 | D:9      | Reached skill level 10 in Dodging
 11255 | D:9      | Reached skill level 11 in Spellcasting
 11490 | D:9      | Reached XP level 10. HP: 41/50 MP: 17/27
 11628 | D:9      | Learned a level 2 spell: Slow
 11641 | D:9      | Found a sacrificial altar of Ru.
 11690 | D:9      | Reached skill level 1 in Hexes
 11791 | D:9      | Killed an unseen horror
 12056 | D:9      | Reached **** piety under Sif Muna
 12345 | D:9      | Reached skill level 5 in Hexes
 13220 | D:9      | Noticed a gargoyle
 13304 | D:9      | Killed a gargoyle
 13304 | D:9      | Reached skill level 12 in Spellcasting
 13404 | D:9      | Noticed a death knight
 13629 | D:9      | Killed a two-headed ogre
 13842 | D:9      | Killed an unseen horror
 13842 | D:9      | Reached XP level 11. HP: 19/54 MP: 12/29
 14488 | D:10     | Entered Level 10 of the Dungeon
 15419 | D:10     | Reached skill level 1 in Armour
 15611 | D:10     | Reached ***** piety under Sif Muna
 15613 | D:10     | Identified Sif Muna's Tome of Doomed Dislocation (Sif Muna
                  | gifted it to you on level 10 of the Dungeon)
 15613 | D:10     | Received a gift from Sif Muna
 16002 | D:10     | Found a staircase to the Orcish Mines.
 16908 | D:11     | Noticed Urug
 16915 | D:11     | Killed Urug
 16915 | D:11     | Reached skill level 13 in Spellcasting
 18232 | D:11     | Found a sacrificial altar of Ru.
 18459 | D:11     | Noticed Grum
 18631 | D:11     | Noticed Psyche
 18636 | D:11     | Killed Psyche
 18638 | D:11     | Killed Grum
 19417 | D:11     | Found a runed translucent gate.
 19417 | D:11     | Found a runed translucent gate.
 19417 | D:11     | Found a runed translucent gate.
 19426 | D:11     | Noticed growler's ghost (journeyman OpEE)
 19662 | D:11     | Noticed a green ugly thing
 19678 | D:11     | Killed a green ugly thing
 20044 | D:12     | Killed an unseen horror
 20044 | D:12     | Reached skill level 10 in Conjurations
 20044 | D:12     | Reached XP level 12. HP: 53/59 MP: 15/31
 20213 | D:12     | Found Erakaso's Magic Scroll Emporium.
 20396 | D:12     | Learned a level 4 spell: Leda's Liquefaction
 20698 | D:12     | Noticed Azrael
 21153 | Lair:1   | Entered Level 1 of the Lair of Beasts
 21194 | Lair:1   | Reached skill level 14 in Spellcasting
 22453 | Lair:1   | Found a runed translucent door.
 22453 | Lair:1   | Found a shimmering altar of Xom.
 22453 | Lair:1   | Noticed Sammaje's ghost (novice MiBe)
 23129 | Lair:2   | Noticed Fannar
 23288 | Lair:2   | Reached skill level 5 in Armour
 25172 | Lair:3   | Found a staircase to the Snake Pit.
 25673 | Lair:3   | Noticed a death yak
 25871 | Lair:3   | Noticed a death yak
 25915 | Lair:3   | Killed a death yak
 25915 | Lair:3   | Reached XP level 13. HP: 63/63 MP: 2/33
 26216 | Lair:3   | Reached skill level 15 in Spellcasting
 27007 | Lair:4   | Found a staircase to the Swamp.
 27037 | Lair:4   | Identified Sif Muna's Advanced Guide to Spellweaving (Sif
                  | Muna gifted it to you on level 4 of the Lair of Beasts)
 27037 | Lair:4   | Received a gift from Sif Muna
 27172 | Lair:4   | Learned a level 6 spell: Freezing Cloud
 27179 | Lair:4   | Learned a level 6 spell: Iron Shot
 27186 | Lair:4   | Learned a level 6 spell: Deflect Missiles
 27373 | Lair:4   | Reached skill level 1 in Earth Magic
 27532 | Lair:4   | Found a runed translucent door.
 27532 | Lair:4   | Found a shimmering altar of Xom.
 27532 | Lair:4   | Noticed SkeletonJelly's ghost (journeyman SpAs)
 28712 | Lair:5   | Found a staircase to the Slime Pits.
 28727 | Lair:5   | Noticed Sonja
 28733 | Lair:5   | Killed Sonja
 28827 | Lair:5   | Reached skill level 16 in Spellcasting
 29693 | Lair:6   | Entered Level 6 of the Lair of Beasts
 30250 | Lair:6   | Reached skill level 5 in Earth Magic
 30464 | Lair:6   | Reached skill level 17 in Spellcasting
 31272 | Lair:5   | Reached XP level 14. HP: 67/68 MP: 15/37
 31351 | Slime:1  | Entered Level 1 of the Pits of Slime
 31693 | Lair:6   | Reached skill level 1 in Air Magic
 33077 | Lair:6   | Identified the Guide on Shifting Fascination
 34150 | D:9      | Identified the Tome of Ensnaring Venom
 34773 | D:12     | Noticed Josephine
 34781 | D:12     | Killed Josephine
 35058 | D:12     | Killed Azrael
 35737 | D:12     | Bought a scroll of teleportation for 51 gold pieces
 35737 | D:12     | Bought a scroll of identify for 34 gold pieces
 35737 | D:12     | Bought a scroll of teleportation for 51 gold pieces
 35737 | D:12     | Bought a scroll of random uselessness for 17 gold pieces
 35737 | D:12     | Bought a scroll of identify for 34 gold pieces
 36426 | D:13     | Found a huge runed translucent gate.
 36426 | D:13     | Found a huge runed translucent gate.
 36426 | D:13     | Found a huge runed translucent gate.
 36426 | D:13     | Found a huge runed translucent gate.
 37498 | D:14     | Found a gate to the Vaults.
 37511 | D:14     | Identified Sif Muna's Compendium of Flames and
                  | Confrontation (Sif Muna gifted it to you on level 14 of the
                  | Dungeon)
 37511 | D:14     | Received a gift from Sif Muna
 38244 | D:14     | Reached skill level 1 in Invocations
 38251 | D:14     | Reached XP level 15. HP: 72/72 MP: 8/38
 38360 | D:14     | Found a basalt altar of Yredelemnul.
 39167 | D:15     | Entered Level 15 of the Dungeon
 39167 | D:15     | Noticed Jorgrun
 39520 | D:15     | Killed Jorgrun
 40417 | D:15     | Reached skill level 5 in Invocations
 40567 | D:15     | Found a staircase to the Depths.
 41196 | D:15     | Noticed Rupert
 41202 | D:15     | Killed Rupert
 41683 | Orc:1    | Entered Level 1 of the Orcish Mines
 41683 | Orc:1    | Noticed Harold
 41845 | Orc:1    | Killed Harold
 42091 | Orc:2    | Entered Level 2 of the Orcish Mines
 42165 | Orc:2    | Identified Sif Muna's Second Course in Witchery (Sif Muna
                  | gifted it to you on level 2 of the Orcish Mines)
 42165 | Orc:2    | Received a gift from Sif Muna
 42603 | Orc:2    | Learned a level 6 spell: Poison Arrow
 42682 | Orc:2    | Found a staircase to the Elven Halls.
 42766 | Orc:2    | Reached skill level 1 in Poison Magic
 42967 | Orc:2    | Found Tuapt's Magic Scroll Shoppe.
 42967 | Orc:2    | Found Bejipici's Food Shop.
 43449 | Orc:2    | Found a roughly hewn altar of Beogh.
 43631 | Orc:2    | Identified Sif Muna's Catalogue of Battle Magic (Sif Muna
                  | gifted it to you on level 2 of the Orcish Mines)
 43631 | Orc:2    | Received a gift from Sif Muna
 44219 | Orc:2    | Found Onara's Jewellery Shoppe.
 44219 | Orc:2    | Found Ruzxae's Weapon Shop.
 44242 | Orc:2    | Bought an uncursed ring of see invisible for 240 gold
                  | pieces
 44242 | Orc:2    | Bought an uncursed ring of poison resistance for 320 gold
                  | pieces
 44415 | Snake:1  | Entered Level 1 of the Snake Pit
 44924 | Snake:1  | Reached XP level 16. HP: 76/76 MP: 26/39
 45441 | Snake:1  | Reached skill level 5 in Poison Magic
 46880 | Snake:2  | Noticed Vashnia
 47142 | Snake:2  | Identified the +6 war axe of Evisceration {drain, rPois rN+
                  | Int+7 Dex-4}
 47417 | Snake:2  | Reached skill level 10 in Charms
 47441 | Snake:2  | HP: 3/76 [naga sharpshooter/bolt[Vashnia] (17)]
 47444 | Snake:2  | Shot with a bolt by a naga sharpshooter

Levels and vault maps discovered:
D:1:      dpeg_arrival_boxorama, layout_basic, corexii_leaking_fountain
D:2:      layout_basic, grunt_temple_overflow_open, overflow_temple_1_default
D:3:      layout_basic, small_statue_intersection, hex_tiny, solitary_fountain,
          minmay_cupped
D:4:      layout_cave_pools
D:5:      layout_gridville, lemuel_round_altar, vehumet_crystals,
          minmay_temple_entry_junction_2, serial_shops, nicolae_shop_waterfront,
          first_ration, trog_book
D:6:      layout_cave_pods, kennysheep_mini, kennysheep_potato
D:7:      layout_layer_cave, lemuel_crystal_altar
D:8:      layout_cave_pools, due_lair_maze_entry_diamond, basic_altar,
          serial_shops, shop_statue, serial_park, serial_park_square2
D:9:      minmay_the_grid_square_5x5_4x4 [minmay_the_grid_square_5x5_minivault,
          minmay_the_grid_square_5x5_fat_x, minmay_the_grid_square_5x5_inner_i,
          minmay_the_grid_square_5x5_broken_cross,
          minmay_the_grid_square_5x5_bite,
          minmay_the_grid_square_5x5_prize_deathbox,
          minmay_the_grid_square_5x5_prize_snowflake,
          minmay_the_grid_square_5x5_inverted_slash,
          minmay_the_grid_square_5x5_inset,
          minmay_the_grid_square_5x5_prize_junk,
          minmay_the_grid_square_5x5_prize_rear_guard,
          minmay_the_grid_square_5x5_hourglass,
          minmay_the_grid_square_5x5_beaten_path,
          minmay_the_grid_square_5x5_trominoes,
          minmay_the_grid_square_5x5_n_small,
          minmay_the_grid_square_5x5_minimal], layout_gridville,
          old_standard_altar, the_bakery, minmay_protected_statue
D:10:     layout_roguey, erik_orc_1
D:11:     layout_big_octagon, ebering_ghost_rock_garden, serial_glass,
          glass_columns_c, glass_columns_b, nicolae_ru_awakened_eye,
          uniq_psyche, uniq_grum, uniq_urug
D:12:     layout_loops_corners, serial_shops, shop, uniq_azrael, uniq_josephine
D:13:     lemuel_bear_cage, layout_long_grid, drop_trap
D:14:     layout_irregular_city, david_vaults_1, lemuel_doored_altar,
          minmay_orc_keep
D:15:     hangedman_depths_entry_civil_slaughter, layout_gridville,
          minmay_misc_feat_chi, uniq_rupert, uniq_jorgrun
Lair:1:   layout_roguey, ebering_ghost_xom, chequers_serial_rivers_micro_d,
          beast_lair_carwin_3, serial_bayou_shore_b, serial_bayou_shore_b,
          grunt_megastairs_5
Lair:2:   layout_cave_pods, lightli_volcano_entry_magma_tube,
          grunt_megastairs_2, uniq_fannar
Lair:3:   layout_loops_ring, minmay_snake_entry_guardpost_small,
          minmay_lair_oklob_bushes
Lair:4:   layout_gridlike, swamp_mist, ebering_ghost_xom,
          chequers_serial_rivers_small_3, chequers_serial_rivers_micro_c,
          chequers_serial_rivers_large_b
Lair:5:   layout_roguey, minmay_slime_entry_oklob_open, lemuel_fruit_tree,
          uniq_sonja
Lair:6:   evilmike_catoblepas_cave, layout_regular_city, grunt_megastairs_3
Snake:1:  layout_layer_cave
Snake:2:  layout_grid_maze, serial_bayou_lagoon_a, st_stairs_8, uniq_vashnia,
          uniq_aizul
Slime:1:  layout_caves
Orc:1:    layout_caves, basic_altar, uniq_maurice, uniq_harold
Orc:2:    st_orc_town, layout_caves, portal_ice_cave_entry_pillars_1,
          mines2_lemuel

Skill      XL: |  1  2  3  4  5  6  7  8  9 10 11 12 13 14 15 16 |
---------------+-------------------------------------------------+-----
Dodging        | 3 4 6 7 10 11 | 11.6
Ice Magic      | 4 5 8 9 |  9.0
Spellcasting   | 4 5 6 8 11 12 13 14 17 | 17.8
Conjurations   | 2 4 7 10 12 14 | 14.7
Charms         | 1 4 5 8 10 | 10.1
Hexes          | 8 9 |  9.1
Armour         | 3 5 7 9 |  9.2
Earth Magic    | 5 |  5.5
Air Magic      | 2 3 |  3.7
Invocations    | 1 9 |  9.7
Poison Magic   | 4 5 |  5.4
Stealth        | |  2.4

Action                   |  1- 3 |  4- 6 |  7- 9 | 10-12 | 13-15 | 16-18 || total
-------------------------+-------+-------+-------+-------+-------+-------++-------
Melee: Unarmed           |     6 |       |       |       |       |       ||     6
       Whip              |     3 |    28 |    31 |       |       |       ||    62
       Mace              |       |       |    58 |    66 |       |       ||   124
       Dagger            |       |       |       |   153 |     5 |       ||   158
       Staff             |       |       |       |     2 |    32 |     3 ||    37
Throw: Dart              |       |       |       |    23 |     8 |       ||    31
 Cast: Freeze            |    43 |    84 |   242 |    99 |     7 |       ||   475
       Throw Frost       |       |    16 |    48 |   482 |   110 |       ||   656
       Ozocubu's Armour  |       |     2 |    21 |    29 |    11 |     1 ||    64
       Throw Icicle      |       |       |    22 |   164 |   725 |    74 ||   985
       Slow              |       |       |       |    73 |   111 |       ||   184
       Leda's Liquefacti |       |       |       |     3 |       |       ||     3
       Freezing Cloud    |       |       |       |       |    71 |    19 ||    90
       Iron Shot         |       |       |       |       |    12 |     7 ||    19
       Poison Arrow      |       |       |       |       |     3 |     3 ||     6
       Deflect Missiles  |       |       |       |       |       |     2 ||     2
Invok: Channel Magic     |       |       |       |       |     1 |     1 ||     2
Evoke: Wand              |       |       |     6 |     3 |     3 |     1 ||    13
  Use: Potion            |       |       |     3 |     4 |     3 |     3 ||    13
       Scroll            |       |       |     7 |    17 |    18 |     1 ||    43
 Stab: Sleeping          |       |     2 |     1 |       |       |       ||     3
       Paralysed         |       |       |       |     2 |       |       ||     2
  Eat: Chunk             |     1 |     8 |    16 |    22 |    29 |       ||    76
       Ration            |       |       |     3 |     6 |     9 |     2 ||    20
Armor: Robe              |     5 |    12 |    69 |   118 |    69 |     7 ||   280
Dodge: Dodged            |    29 |    58 |   303 |   619 |   245 |    24 ||  1278
       Deflected         |       |       |       |       |       |    15 ||    15
